 Dungeon Crawl Stone Soup version 0.17.1-1-g73c8601 (webtiles) character file.

131 Beholder179 the Cutter (level 4, -2/29 HPs)
             Began as a High Elf Warper on Dec 17, 2015.
             Killed by divine providence
             ... invoked by an orc priest
              (10 damage)
             ... on level 3 of the Dungeon.
             The game lasted 00:17:34 (2595 turns).

Beholder179 the Cutter (High Elf Warper)            Turns: 2595, Time: 00:17:34

Health: -2/29      AC:  4    Str: 10    XL:     4   Next: 91%
Magic:  6/8        EV:  8    Int: 16    God:
Gold:   65         SH:  0    Dex: 16    Spells: 3 memorised, 2 levels left

rFire  . . .     SeeInvis .     a - +0 short sword
rCold  . . .     Clarity  .     b - +0 leather armour
rNeg   . . .     SustAt   .     (no shield)
rPois  .         Gourm    .     (no helmet)
rElec  .         Spirit   .     (no cloak)
rCorr  .         Warding  .     (no gloves)
rMut   .         Stasis   .     j - +0 pair of boots
MR     .....                    (no amulet)
Stlth  ++........               (no ring)
                                (no ring)

@: shrouded, not resistant to hostile enchantments, unstealthy
A: no striking features
a: no special abilities


You were on level 3 of the Dungeon.
You were not hungry.

You visited 1 branch of the dungeon, and saw 3 of its levels.

You collected 65 gold pieces.

Inventory:

Hand Weapons
 a - a +0 short sword (weapon)
Missiles
 e - 5 tomahawks of dispersal (quivered)
 i - 7 silver javelins
 k - 46 bolts
 r - 39 arrows
 w - 19 poisoned needles
Armour
 b - a +0 leather armour (worn)
 j - a +0 pair of boots (worn)
Jewellery
 o - an uncursed amulet of stasis
Scrolls
 d - 2 scrolls of blinking
 g - 2 scrolls of identify {unknown}
 h - a scroll of immolation {unknown}
 l - 2 scrolls of remove curse {unknown}
 q - a scroll of enchant weapon {unknown}
 s - a scroll of teleportation {unknown}
Potions
 m - 4 potions of curing {unknown}
 n - a potion of agility {unknown}
 t - 2 potions of brilliance {unknown}
 u - a potion of magic {unknown}
Books
 c - a book of Spatial Translocations

   Spells                             Type                      Level
   a - Apportation                    Translocation                1
   b - Blink                          Translocation                2
   c - Shroud of Golubria             Charms/Translocation         2
   d - Portal Projectile              Translocation                3
   e - Teleport Other                 Translocation                3
   f - Passage of Golubria            Translocation                4
Comestibles
 f - 2 bread rations
 p - a meat ration


   Skills:
 - Level 2.0 Fighting
 + Level 4.0 Short Blades
 + Level 1.1 Throwing
 - Level 0.8 Armour
 + Level 3.7 Dodging
 * Level 2.9 Stealth
 - Level 2.4 Spellcasting
 - Level 3.2 Translocations


You had 2 spell levels left.
You knew the following spells:

 Your Spells              Type           Power        Failure   Level  Hunger
a - Apportation           Tloc           ##........   10%         1    #......
b - Blink                 Tloc           N/A          14%         2    ###....
c - Shroud of Golubria    Chrm/Tloc      #.........   24%         2    ###....


Dungeon Overview and Level Annotations

Branches:
Dungeon (3/15)

Altars:
Fedhas


Message History

The orc hits you but does no damage.
You hit the orc but do no damage.
The orc is severely wounded.
The orc misses you.
You hit the orc.
You kill the orc!
Your Short Blades skill increases to level 4!
Items here: )))) [[[
There is a stone staircase leading up here.
You start resting.
Casting: Shroud of Golubria
Confirm with . or Enter, or press ? or * to list all spells.
Space distorts slightly along a thin shroud covering your body.
The orc priest shouts!
The orc priest mumbles some strange prayers to Beogh against you.
Pain shoots through your body!
* * * LOW HITPOINT WARNING * * *
The orc priest calls down the wrath of Beogh upon you.
Something smites you!
You die...

#........# ##
##o#.###.# #
#........# #
#..#.###.# # #..#.#
#.# #o.#.# #.#
#..#.###.#
..##.######.....##.#
.......@o...#......+
....)#####.###..####
.## #..#..## ##...##
##.## #.# #.# # #


You could see an orc priest.

Vanquished Creatures
  An orc priest (D:3)
  4 adders
  2 oozes (D:2)
  A giant gecko (D:1)
  3 orcs (D:3)
  3 bats
  8 hobgoblins
  12 jackals
  A giant cockroach (D:1)
  3 giant newts
  6 goblins
  5 kobolds
  3 rats
52 creatures vanquished.

Notes
Turn   | Place    | Note
--------------------------------------------------------------
     0 | D:1      | Beholder179 the High Elf Warper began the quest for the Orb.
     0 | D:1      | Reached XP level 1. HP: 14/14 MP: 4/4
   370 | D:1      | Reached skill level 1 in Stealth
   461 | D:1      | Reached XP level 2. HP: 14/19 MP: 6/6
   496 | D:1      | Learned a level 2 spell: Blink
   499 | D:1      | Learned a level 2 spell: Shroud of Golubria
  1309 | D:2      | Found a blossoming altar of Fedhas.
  1576 | D:2      | Reached XP level 3. HP: 22/24 MP: 7/7
  2141 | D:3      | Reached XP level 4. HP: 26/29 MP: 8/8
  2564 | D:3      | Reached skill level 4 in Short Blades
  2595 | D:3      | Killed from afar by an orc priest

Action                   |  1- 3 |  4- 6 || total
-------------------------+-------+-------++-------
Melee: Short sword       |   163 |    58 ||   221
 Cast: Shroud of Golubri |     2 |     2 ||     4
 Stab: Sleeping          |     2 |       ||     2
  Eat: Beef jerky        |     1 |       ||     1
       Chunk             |     2 |     1 ||     3
       Meat ration       |       |     1 ||     1
